 Dungeon Crawl Stone Soup version 0.29-a0-757-g358383bc75 (webtiles) character file.

Game seed: 3798557269054753463

72 avis the Chiller (level 3, 0/28 HPs)
             Began as a Demigod Ice Elementalist on July 1, 2022.
             Slain by a gnoll
             ... wielding a +0 spear
              (2 damage)
             ... on level 3 of the Dungeon.
             The game lasted 00:13:01 (2550 turns).

avis the Chiller (Demigod Ice Elementalist)         Turns: 2550, Time: 00:13:03

Health: 0/28       AC: 12    Str:  9    XL:     3   Next: 80%
Magic:  10/10      EV: 12    Int: 17    God:
Gold:   124        SH:  0    Dex: 18    Spells: 4/8 levels left

rFire   . . .      SeeInvis .   b - +0 sling
rCold   . . .      Faith    .   (no shield)
rNeg    . . .      Spirit   .   i - +0 robe
rPois   .          Reflect  .   j - +0 helmet
rElec   .          Harm     .   u - +0 cloak
rCorr   .          Rampage  .   (no gloves)
Will    .....                   r - +1 pair of boots
Stlth   ++........              (no amulet)
HPRegen 0.09/turn               (no ring)
MPRegen 0.12/turn               (no ring)

@: ice-armoured
A: high MP 1, forlorn, divine attributes
a: no special abilities


You were on level 3 of the Dungeon.
You visited 1 branch of the dungeon, and saw 3 of its levels.

You collected 124 gold pieces.

Inventory:

Hand Weapons
 a - a +0 whip of venom
 b - a +0 sling (weapon)
 w - a +0 short sword
Missiles
 y - 4 javelins
Armour
 i - a +0 robe (worn)
 j - a +0 helmet (worn)
 r - a +1 pair of boots (worn)
 u - a +0 cloak (worn)
Jewellery
 f - a +6 ring of dexterity
Wands
 x - a wand of flame (8)
Scrolls
 d - 3 scrolls of identify {unknown}
 h - a scroll of noise {unknown}
 k - a scroll of summoning {unknown}
 l - a scroll of poison {unknown}
 o - a scroll of torment {unknown}
 q - a scroll of magic mapping {unknown}
 t - a scroll of fear {unknown}
 v - a scroll of amnesia {unknown}
Potions
 c - a potion of ambrosia {unknown}
 e - a potion of flight {unknown}
 g - a potion of curing {unknown}
 m - a potion of resistance {unknown}
 n - a potion of attraction {unknown}
 p - a potion of magic
 s - a potion of heal wounds {unknown}


   Skills:
 - Level 1.0 Fighting
 * Level 0.5 Ranged Weapons
 - Level 1.7 Dodging
 - Level 2.0 Stealth
 - Level 3.0 Spellcasting
 - Level 4.0 Ice Magic


You had 4 spell levels left.
You knew the following spells:

 Your Spells              Type           Power      Damage    Failure   Level
a - Freeze                Ice            64%        1d8       3%          1
o - Ozocubu's Armour      Ice            16%        N/A       10%         3

Your spell library contained the following spells:

 Spells                   Type           Power      Damage    Failure   Level
 Frozen Ramparts          Ice            32%        1d5       10%         3
 Hailstorm                Conj/Ice       9%         3d4       58%         4


Dungeon Overview and Level Annotations

Branches:
Dungeon (3/15)


Innate Abilities, Weirdness & Mutations

You have an increased reservoir of magic. (+10% MP)
You shall have no god before yourself.
Your divine heritage dramatically boosts your attributes as you level up.


Message History

Fire: b) +0 sling
Press: ? - help, Q - select action, (/) - cycle Shift-Dir - straight line, f/p - gnoll
Aim: a gnoll, wielding a +0 spear (heavily wounded)
You shoot a sling bullet.
The sling bullet hits the gnoll but does no damage.
The gnoll is heavily wounded.
The gnoll closely misses you. The gnoll barely misses you.
Fire: b) +0 sling
Press: ? - help, Q - select action, (/) - cycle Shift-Dir - straight line, f/p - gnoll
Aim: a gnoll, wielding a +0 spear (heavily wounded)
You shoot a sling bullet.
The sling bullet barely misses the gnoll.
The gnoll hits you from afar with a +0 spear.
* * * LOW HITPOINT WARNING * * *
Fire: b) +0 sling
Press: ? - help, Q - select action, (/) - cycle Shift-Dir - straight line, f/p - gnoll
Aim: a gnoll, wielding a +0 spear (heavily wounded)
You shoot a sling bullet. The gnoll shouts!
The sling bullet hits the gnoll but does no damage.
The gnoll is heavily wounded.
The gnoll hits you but does no damage.
Fire: b) +0 sling
Press: ? - help, Q - select action, (/) - cycle Shift-Dir - straight line, f/p - gnoll
Aim: a gnoll, wielding a +0 spear (heavily wounded)
You shoot a sling bullet.
The sling bullet closely misses the gnoll.
The sling bullet hits the gnoll.
The gnoll is moderately wounded.
The gnoll barely misses you.
The gnoll hits you from afar with a +0 spear.
* * * LOW HITPOINT WARNING * * *
Okay, then.
Aiming: Throw Flame
Press: ? - help, Shift-Dir - straight line, f/p - gnoll
Aim: a gnoll, wielding a +0 spear (heavily wounded, 72% to hit)
The puff of flame misses the gnoll.
The puff of flame hits the gnoll.
The gnoll is severely wounded.
The gnoll hits you from afar with a +0 spear.
You die...

... ##..... .†
K.#..... .. #
.g.#.# .####.#
#...# ....... #...#
....... ##.#g#
####..#..##
#..#g###.....#....
#..#)##...........
#..#@#............
#..#..............
##.##..............
#..................
#...###...<........
#..<# #............
#...# ##...........
#...# ##.....##...
#.### ####### ##.


You could see 2 gnolls.

Vanquished Creatures
  A gnoll (D:3)
  3 worms (D:2)
  A dart slug (D:1)
  8 bats
  8 endoplasms
  5 giant cockroaches
  3 goblins
  5 hobgoblins
  4 kobolds
  3 quokkas (D:1)
  2 ball pythons (D:2)
  2 frilled lizards (D:1)
  2 rats (D:1)
47 creatures vanquished.

Notes
Turn   | Place    | Note
-------+----------+-------------------------------------------
     0 | D:1      | avis the Demigod Ice Elementalist began the quest for the
                  | Orb.
     0 | D:1      | Reached XP level 1. HP: 14/14 MP: 5/5
   505 | D:1      | Reached skill level 4 in Ice Magic
   529 | D:1      | Reached XP level 2. HP: 18/20 MP: 4/7
   635 | D:1      | Reached skill level 1 in Fighting
  1383 | D:2      | Reached XP level 3. HP: 25/28 MP: 7/9
  1421 | D:2      | Learned a level 3 spell: Ozocubu's Armour
  2550 | D:3      | Slain by a gnoll

Illustrated notes

Levels and vault maps discovered:
D:1:      minmay_arrival_hallway, layout_loops_ring
D:2:      layout_basic, minmay_hexomino_r4
D:3:      layout_rooms, old_standard_altar, nicolae_overflow_hallway_of_the_gods

Skill      XL: |  1  2  3 |
---------------+----------+-----
Spellcasting   | 2 3 |  3.0
Ice Magic      | 4 |  4.0
Fighting       | 1 |  1.0
Stealth        | 2 |  2.0
Ranged Weapons | |  0.5
Dodging        | |  1.7

Action                   || total
-------------------------++-------
Melee: Dagger            ||     6
 Fire: Sling             ||    70
 Cast: Freeze            ||    51
       Ozocubu's Armour  ||     1
Evoke: Wand              ||     1
 Stab: Sleeping          ||     5
Armor: Robe              ||    24
Dodge: Dodged            ||    56

Table legend: (Time is in decaauts)
 A = Elapsed time spent in this place.
 B = Non-inter-level travel time spent in this place.
 C = Inter-level travel time spent in this place.
 D = Time resting spent in this place.
 E = Time spent auto-exploring this place.
 F = Levels seen in this place.
 G = Mean time per level.
                   A        B        C        D        E       F      G
               +--------+--------+--------+--------+--------+-----+--------+
         Total |   2580 |   2253 |    327 |    673 |    990 |   3 |  860.0 |
       Dungeon |   2580 |   2253 |    327 |    673 |    990 |   3 |  860.0 |
               +--------+--------+--------+--------+--------+-----+--------+

Top non-repeatable levels by time:
     D:1: 1346 daAuts
     D:2: 1140 daAuts
     D:3: 93 daAuts
